[Event "Titled Tuesday Blitz February 14 Late 2023"]
[White "Sarkar, Justin"]
[Black "Korchmar, Vasiliy"]
[WhiteFideId "2010011"]
[BlackFideId "24131750"]
[WhiteElo "2309"]
[BlackElo "2438"]
[Result "0-1"]
[Round "02"]
[TimeControl "180+2"]
[Date "2023.02.14"]
[WhiteClock "0:00:02"]
[BlackClock "0:00:39"]

1. d4 d5 2. c4 c6 3. Nf3 Nf6 4. Nc3 e6 5. Bg5 Nbd7 6. e3 Be7 7. Rc1 h6 8. Bh4 O-O 9. Qc2 Ne4 10. Bxe7 Qxe7 11. Nxe4 dxe4 12. Qxe4 Qb4+ 13. Nd2 Qxb2 14. Qc2 Qa3 15. Bd3 e5 16. O-O exd4 17. exd4 Nf6 18. Ne4 Nxe4 19. Bxe4 Bd7 20. Rfd1 Rfe8 21. Bf3 Re7 22. Qb3 Qa6 23. d5 Rae8 24. d6 Re5 25. c5 b6 26. h3 bxc5 27. a3 Qb6 28. Qc3 Qd8 29. Re1 Qg5 30. Rxe5 Rxe5 31. Rd1 h5 32. h4 Qf6 33. Re1 Rxe1+ 34. Qxe1 Qxd6 35. Bxh5 c4 36. Qc3 Be6 0-1


[Site "https://www.chess.com"]

[Event "Titled Tuesday Blitz February 14 Late 2023"]
[White "Papasimakopoulos, Alexandros"]
[Black "Delorme, Axel"]
[WhiteFideId "4244125"]
[BlackFideId "632023"]
[WhiteElo "2401"]
[BlackElo "2483"]
[Result "1-0"]
[Round "02"]
[TimeControl "180+2"]
[Date "2023.02.14"]
[WhiteClock "0:00:15"]
[BlackClock "0:00:15"]

1. d4 d5 2. c4 e6 3. Nc3 c6 4. Nf3 dxc4 5. e3 b5 6. a4 Bb4 7. Rb1 a6 8. Bd2 Bb7 9. b3 cxb3 10. Qxb3 Be7 11. Be2 Nf6 12. O-O O-O 13. Rfc1 b4 14. Nd1 a5 15. Ne5 c5 16. Bf3 Bxf3 17. Nxf3 Nbd7 18. Nb2 Rc8 19. Nc4 Ne4 20. Qd3 Nxd2 21. Nfxd2 cxd4 22. Qxd4 Nc5 23. Nf3 Nxa4 24. Qxd8 Rfxd8 25. Nxa5 Nc3 26. Kf1 Nxb1 27. Rxb1 Rc3 28. Nb3 g5 29. h3 Kg7 30. Rb2 Bf6 31. Rb1 e5 32. Nbd2 Rb8 33. Ne4 Rc2 34. Rb3 Kg6 35. g4 h6 36. Ne1 Ra2 37. Nc5 Ra3 38. Rb1 b3 39. Ned3 e4 40. Nxe4 Ra1 41. Rxa1 Bxa1 42. Nd2 Bc3 43. Nb1 Bf6 44. Ke2 b2 45. e4 Ra8 46. Kd2 Rc8 47. e5 Bg7 48. Nxb2 Bxe5 49. Nd3 Bg7 50. Na3 f5 51. Nb5 fxg4 52. hxg4 h5 53. gxh5+ Kxh5 54. Nd6 Rf8 55. Ke2 Kg4 56. Ne4 Re8 57. f3+ Kf5 58. Kf2 Rd8 59. Nb4 Be5 60. Nc6 Rc8 61. Ne7+ Kf4 62. Ng6+ Kf5 63. Ne7+ Kf4 64. Nxc8 g4 65. Nd2 Bd4+ 66. Kg2 Be3 67. fxg4 Bxd2 68. Kh3 Kg5 69. Nd6 Kf6 70. Ne4+ Kg6 71. Nxd2 Kf6 72. Kh4 Kg6 73. g5 Kg7 74. Kh5 Kh7 75. g6+ Kg7 76. Kg5 Kg8 77. Kh6 Kh8 78. g7+ Kg8 79. Nb1 1-0


[Site "https://www.chess.com"]

[Event "Titled Tuesday Blitz February 14 Late 2023"]
[White "Miszler, Levente"]
[Black "Boyer, Mahel"]
[WhiteFideId "763276"]
[BlackFideId "45102422"]
[WhiteElo "2271"]
[BlackElo "2489"]
[Result "0-1"]
[Round "02"]
[TimeControl "180+2"]
[Date "2023.02.14"]
[WhiteClock "0:00:04"]
[BlackClock "0:00:50"]

1. Nf3 c6 2. c4 d5 3. g3 Nd7 4. Bg2 dxc4 5. O-O b5 6. a4 Bb7 7. b3 cxb3 8. Qxb3 a6 9. Bb2 e6 10. d3 Nc5 11. Qc2 Nxa4 12. Rxa4 bxa4 13. Qxa4 Nf6 14. Ne5 Rc8 15. Rc1 Nd5 16. Nc3 Bd6 17. Nc4 O-O 18. Ne4 Be7 19. Na5 Ba8 20. Nc4 c5 21. Qxa6 Nf6 22. Bxf6 Bxf6 23. Nb6 Bxe4 24. Bxe4 Rb8 25. Na4 Qd4 26. Nxc5 Rfc8 27. Qa7 Rb5 28. Rc4 Qa1+ 29. Qxa1 Bxa1 30. Nd7 Rb1+ 31. Kg2 Rxc4 32. dxc4 Rc1 33. Bd3 Bd4 34. Nb8 Kf8 35. Nc6 Bc5 36. Ne5 Ke7 37. Nf3 h6 38. Nd2 Bb4 39. Nb3 Rc3 40. Nd4 Kf6 41. Nb5 Rc1 42. Kf3 Bc5 43. Kg2 Ke5 44. Nc7 g5 45. Ne8 f5 46. h3 h5 47. Ng7 h4 48. gxh4 gxh4 49. Ne8 Bb6 50. Ng7 Kf6 51. Nh5+ Kg5 52. Ng7 Kf6 53. Nh5+ Ke5 54. Kf3 Rh1 55. Nf4 Bxf2 56. Kg2 Ra1 57. Ng6+ Kf6 58. Kxf2 Kxg6 59. Kg2 Rc1 60. Kf3 Kf6 61. Kg2 Ke5 62. Kf2 Kf4 63. Kg2 Ke3 64. c5 f4 65. c6 Rxc6 66. Bb5 Rd6 67. Ba6 e5 68. Bb7 Rg6+ 69. Kh2 e4 70. Bc8 Rg3 71. Bg4 Kf2 72. Kh1 f3 73. Kh2 e3 74. exf3 e2 75. f4 e1=Q 76. Bf3 Qg1# 0-1


[Site "https://www.chess.com"]

[Event "Titled Tuesday Blitz February 14 Late 2023"]
[White "Cuenca Jimenez, Jose Fernando"]
[Black "Aguilar, Juan"]
[WhiteFideId "2255570"]
[BlackFideId "3800091"]
[WhiteElo "2535"]
[BlackElo "2254"]
[Result "1-0"]
[Round "02"]
[TimeControl "180+2"]
[Date "2023.02.14"]
[WhiteClock "0:00:40"]
[BlackClock "0:00:21"]

1. d4 g6 2. c4 Bg7 3. Nc3 d6 4. Nf3 Nc6 5. e3 e5 6. dxe5 Nxe5 7. Be2 Nf6 8. O-O O-O 9. Nd4 c6 10. f4 Ned7 11. Bf3 Re8 12. Qc2 Nc5 13. Bd2 a5 14. Rae1 Qc7 15. Bc1 Bg4 16. b3 Bxf3 17. Nxf3 Re7 18. Re2 Rae8 19. Rfe1 Qb6 20. h3 Nh5 21. Kh2 Ne4 22. Nxe4 Rxe4 23. Ng5 R4e7 24. e4 Nf6 25. Kh1 h6 26. Nf3 c5 27. e5 dxe5 28. Nxe5 Nh5 29. Qd3 Qc7 30. Qd5 Ng3+ 31. Kg1 Nxe2+ 32. Rxe2 Bxe5 33. fxe5 Rxe5 34. Bf4 Rxd5 35. Rxe8+ Kg7 36. Bxc7 Rd1+ 37. Kh2 Rd2 38. Be5+ f6 39. Re7+ Kf8 40. Bxf6 Rxa2 41. Rxb7 Ra3 42. Bg7+ Ke8 43. Bxh6 1-0


[Site "https://www.chess.com"]

[Event "Titled Tuesday Blitz February 14 Late 2023"]
[White "Carrasco Miranda, Andres"]
[Black "Bujisho, Benjamin"]
[WhiteFideId "3405990"]
[BlackFideId "608610"]
[WhiteElo "2240"]
[BlackElo "2338"]
[Result "1/2-1/2"]
[Round "02"]
[TimeControl "180+2"]
[Date "2023.02.14"]
[WhiteClock "0:00:23"]
[BlackClock "0:00:30"]

1. d4 d6 2. Nf3 g6 3. c4 Bg7 4. g3 Nf6 5. Bg2 O-O 6. Nc3 c6 7. O-O Nbd7 8. e4 e5 9. h3 Re8 10. Be3 exd4 11. Nxd4 Nc5 12. Qc2 Ne6 13. Rad1 Nxd4 14. Bxd4 Be6 15. b3 Qc7 16. Kh2 h5 17. f4 Bd7 18. e5 Bf5 19. Qd2 dxe5 20. Bxe5 Qb6 21. Na4 Qd8 22. Nc5 Qxd2 23. Rxd2 Bc8 24. Rfd1 h4 25. gxh4 Nh5 26. Rd8 Bf5 27. Rxa8 Rxa8 28. Nxb7 Bxe5 29. fxe5 Re8 30. Rd8 Rxd8 31. Nxd8 c5 32. Bd5 Bb1 33. a3 Nf4 34. Bxf7+ Kf8 35. e6 Ke7 36. Nc6+ Kf6 37. Nxa7 Bc2 38. b4 cxb4 39. axb4 Nd3 40. Nc6 Bb3 41. c5 Bd5 42. b5 Nxc5 43. Kg3 Ne4+ 44. Kf4 Nd6 45. h5 gxh5 46. Bxh5 Nxb5 47. Nb4 Bxe6 48. Bg4 Bf7 49. Nd3 Nd4 50. h4 Nc2 51. Ne5 Be8 52. Nd7+ Kg7 53. h5 Nd4 54. Ne5 Nb5 55. Kg5 Nd6 56. h6+ Kh8 57. Kf6 Ne4+ 58. Ke7 Ba4 59. Bf5 Ng5 60. Nf7+ Nxf7 61. Kxf7 Bc2 62. Kf6 Bxf5 63. Kxf5 Kh7 64. Kg5 Kh8 65. Kg6 Kg8 66. h7+ Kh8 67. Kh6 1/2-1/2


[Site "https://www.chess.com"]

[Event "Titled Tuesday Blitz February 14 Late 2023"]
[White "Aggelis, Nikolaos"]
[Black "Melikhov, Evgeny V."]
[WhiteFideId "4213220"]
[BlackFideId "4122046"]
[WhiteElo "2270"]
[BlackElo "2269"]
[Result "1/2-1/2"]
[Round "02"]
[TimeControl "180+2"]
[Date "2023.02.14"]
[WhiteClock "0:02:00"]
[BlackClock "0:01:03"]

1. d4 Nf6 2. g3 d5 3. Bg2 Bg4 4. Nf3 Nbd7 5. Ne5 Bf5 6. f3 c6 7. g4 Bg6 8. h4 Nxe5 9. dxe5 Nd7 10. h5 Nxe5 11. Bf4 Nc4 12. hxg6 fxg6 13. b3 e5 14. Bg3 Ne3 15. Qd3 Nxg2+ 16. Kf2 Nf4 17. Bxf4 exf4 18. Rxh7 Rxh7 19. Qxg6+ Kd7 20. Qxh7 Qf6 21. Qf5+ Qxf5 22. gxf5 Bc5+ 23. Kg2 Re8 24. Kf1 Rh8 25. Kg2 Re8 26. Kf1 Rh8 27. Kg2 Re8 1/2-1/2


[Site "https://www.chess.com"]

[Event "Titled Tuesday Blitz February 14 Late 2023"]
[White "Gubajdullin, Alexei"]
[Black "Fernandez, Maria Florencia"]
[WhiteFideId "4141202"]
[BlackFideId "116459"]
[WhiteElo "2285"]
[BlackElo "2129"]
[Result "1-0"]
[Round "02"]
[TimeControl "180+2"]
[Date "2023.02.14"]
[WhiteClock "0:01:41"]
[BlackClock "0:00:02"]

1. d4 Nf6 2. Nf3 g6 3. Bf4 Bg7 4. e3 O-O 5. Be2 d6 6. O-O Nc6 7. h3 Nd7 8. Bh2 e5 9. c4 f5 10. Nc3 h6 11. c5 g5 12. cxd6 cxd6 13. Nb5 Nb6 14. dxe5 dxe5 15. a4 Be6 16. a5 Nc4 17. a6 bxa6 18. Rxa6 Nb6 19. Qxd8 Raxd8 20. Nxa7 Nxa7 21. Rxb6 Bd5 22. Nxe5 f4 23. exf4 gxf4 24. Ng6 Rfe8 25. Nxf4 Bf7 26. Bh5 Nc8 27. Bxf7+ Kxf7 28. Rb7+ Re7 29. Rxe7+ Nxe7 30. Rb1 Rb8 31. b4 Rb5 32. Nd3 Nc6 33. Kf1 Bf8 34. Bf4 h5 35. Bd2 Ke6 36. Rc1 Kd5 37. Bc3 Nd4 38. Bxd4 Kxd4 39. Ke2 1-0


[Site "https://www.chess.com"]

[Event "Titled Tuesday Blitz February 14 Late 2023"]
[White "Todev, Simeon"]
[Black "Fiorito, Joaquin"]
[WhiteFideId "2925133"]
[BlackFideId "180173"]
[WhiteElo "2033"]
[BlackElo "2405"]
[Result "0-1"]
[Round "02"]
[TimeControl "180+2"]
[Date "2023.02.14"]
[WhiteClock "0:00:04"]
[BlackClock "0:00:09"]

1. e4 c6 2. d4 d5 3. Nc3 dxe4 4. Nxe4 Nf6 5. Ng3 h5 6. h4 Bg4 7. Be2 Bxe2 8. N1xe2 e6 9. Bg5 Be7 10. Nf4 Nd5 11. Nxd5 cxd5 12. Bxe7 Qxe7 13. Nxh5 g6 14. Ng3 Rxh4 15. Rxh4 Qxh4 16. Qd3 Nc6 17. O-O-O Qf4+ 18. Qe3 Qxe3+ 19. fxe3 Ke7 20. Rh1 Rc8 21. c3 b5 22. Kd2 b4 23. e4 bxc3+ 24. bxc3 Na5 25. exd5 exd5 26. Rb1 Nc4+ 27. Kd3 Nb6 28. a4 Nxa4 29. Rb7+ Kf6 30. Ne2 a6 31. Rd7 Ke6 32. Ra7 Rc6 33. Nf4+ Kd6 34. Rxf7 Rxc3+ 35. Kd2 Rg3 36. Rf6+ Kd7 37. Rxa6 Nc3 38. Nxg6 Ne4+ 39. Ke2 Rxg2+ 40. Ke3 Rb2 41. Kf4 Nc3 42. Ne5+ Ke7 43. Nc6+ Kf7 44. Ne5+ Kg7 45. Rg6+ Kh7 46. Kf5 Re2 47. Rg3 Ne4 48. Rh3+ Kg7 49. Rh4 Nc3 50. Rg4+ Kf8 51. Ke6 Re4 52. Rg1 Nb5 53. Kf6 Nxd4 54. Nd7+ Ke8 55. Nc5 Rf4+ 56. Ke5 Rh4 57. Rg8+ Kf7 58. Ra8 Nc6+ 59. Kxd5 Ne7+ 60. Kd6 Rd4+ 61. Kc7 Rc4 62. Kb6 Rb4+ 63. Ka5 Rb1 64. Ra6 Nd5 65. Ra7+ Kf6 66. Na4 Ra1 67. Ra6+ Ke5 68. Ra8 Kd4 69. Rd8 Ke5 70. Re8+ Kd6 71. Rd8+ Kc6 72. Rc8+ Kd7 73. Rb8 Nc3 74. Rb7+ Kc6 75. Rb6+ Kc7 76. Rb4 Nd5 77. Rc4+ Kd6 78. Rc8 Rb1 79. Rd8+ Ke5 80. Re8+ Kd4 81. Rh8 Rb7 82. Rh4+ Ke5 83. Nc5 Ra7+ 84. Kb5 Ra1 85. Nd3+ Kd6 86. Rh6+ Ke7 87. Kc5 Nf6 88. Nf4 Ra5+ 89. Kd4 Ra4+ 90. Kc5 Rxf4 91. Rh1 Nd7+ 92. Kd5 Rf5+ 93. Ke4 Ra5 94. Rh7+ Ke6 95. Rh6+ Nf6+ 96. Ke3 Ra4 97. Rh3 Ke5 98. Ke2 Ra2+ 99. Kd1 Ne4 100. Rh8 Kd4 101. Rd8+ Ke3 102. Kc1 Rh2 103. Re8 Kd3 104. Rd8+ Kc4 105. Rc8+ Nc5 106. Kd1 Kd3 107. Rd8+ Ke4 108. Re8+ Kd4 109. Rd8+ Kc4 110. Ke1 Ne4 111. Kf1 Rc2 112. Kg1 Nc5 113. Kf1 Nd3 114. Rc8+ Nc5 115. Rd8 Rb2 116. Ke1 Ne4 117. Kf1 Kc5 118. Ke1 Nd6 119. Kd1 Kd5 120. Rh8 Kd4 121. Rd8 Ke5 122. Re8+ Nxe8 0-1


[Site "https://www.chess.com"]

[Event "Titled Tuesday Blitz February 14 Late 2023"]
[White "Freile Martin, Javier"]
[Black "Koellner, Ruben Gideon"]
[WhiteFideId "3600165"]
[BlackFideId "12993093"]
[WhiteElo "2329"]
[BlackElo "2426"]
[Result "0-1"]
[Round "02"]
[TimeControl "180+2"]
[Date "2023.02.14"]
[WhiteClock "0:00:01"]
[BlackClock "0:00:06"]

1. c4 e6 2. Nc3 d5 3. d4 Nf6 4. Bg5 Be7 5. e3 h6 6. Bh4 Ne4 7. Bxe7 Qxe7 8. Qc2 Nxc3 9. Qxc3 c6 10. Nf3 Nd7 11. Bd3 O-O 12. O-O Re8 13. Rfe1 dxc4 14. Bxc4 e5 15. e4 exd4 16. Nxd4 Ne5 17. Bb3 Qf6 18. Re3 Bd7 19. Rae1 Rad8 20. g3 Bh3 21. Nf3 Nxf3+ 22. Rxf3 Qxc3 23. bxc3 Re7 24. Rfe3 Rd2 25. f3 Rg2+ 26. Kh1 Rd7 27. R3e2 Rd2 28. Rxd2 Rxd2 29. Rd1 Rf2 30. Kg1 Rxf3 31. Rd8+ Kh7 32. Rd1 g6 33. c4 c5 34. e5 Re3 35. Rd5 b6 36. Kf2 Rc3 37. Rd8 Be6 38. Rf8 Rd3 39. Ra8 Rd7 40. Ke3 Kg7 41. h4 h5 42. Ke4 Rd4+ 43. Ke3 Rd7 44. Ke4 a5 45. Rb8 Rd4+ 46. Ke3 a4 47. Bxa4 Bxc4 48. Rxb6 Bxa2 49. e6 Bxe6 50. Rc6 Rxa4 51. Rxc5 Rg4 52. Kf2 Rb4 53. Rc2 Ra4 54. Ke3 Ra2 55. Rc3 Rb2 56. Kf4 Rb4+ 57. Ke5 Rg4 58. Kd6 Rb4 59. Kc5 Rb3 0-1


[Site "https://www.chess.com"]

[Event "Titled Tuesday Blitz February 14 Late 2023"]
[White "Kalogeris, Ioannis"]
[Black "Gomes, Luiz Alexandre de Souza"]
[WhiteFideId "4239563"]
[BlackFideId "2102790"]
[WhiteElo "2423"]
[BlackElo "2254"]
[Result "1-0"]
[Round "02"]
[TimeControl "180+2"]
[Date "2023.02.14"]
[WhiteClock "0:00:34"]
[BlackClock "0:00:38"]

1. e4 c5 2. Nf3 d6 3. d4 cxd4 4. Nxd4 Nf6 5. Nc3 a6 6. g3 e6 7. Bg2 Qc7 8. O-O Be7 9. Be3 Nbd7 10. f4 O-O 11. Qe2 Rb8 12. Bf2 b5 13. e5 dxe5 14. Nc6 Bc5 15. fxe5 Bxf2+ 16. Rxf2 Ne8 17. Nxb8 Qxb8 18. Re1 b4 19. Na4 Nc7 20. c4 Bb7 21. Bxb7 Qxb7 22. Qe4 Qa7 23. Kg2 a5 24. Qc6 Na6 25. Rd2 Nac5 26. Red1 Nxa4 27. Rxd7 Qe3 28. Rd8 g6 29. Rxf8+ Kxf8 30. Rf1 Kg7 31. Qf3 Qxf3+ 32. Rxf3 Nxb2 33. c5 Nd3 34. c6 Ne1+ 35. Kf2 Nxf3 36. Kxf3 1-0


[Site "https://www.chess.com"]

[Event "Titled Tuesday Blitz February 14 Late 2023"]
[White "Kaganskiy, Gleb"]
[Black "Nefedov, Sergey"]
[WhiteFideId "4132025"]
[BlackFideId "24113417"]
[WhiteElo "2205"]
[BlackElo "2300"]
[Result "1-0"]
[Round "02"]
[TimeControl "180+2"]
[Date "2023.02.14"]
[WhiteClock "0:00:03"]
[BlackClock "0:00:01"]

1. e4 d5 2. exd5 Qxd5 3. Nc3 Qd8 4. d4 Nf6 5. Nf3 Bf5 6. Ne5 e6 7. g4 Be4 8. Nxe4 Nxe4 9. Bg2 Nd6 10. c4 c6 11. c5 Nb5 12. Be3 Nd7 13. Nc4 Be7 14. a4 Nc7 15. Bf4 O-O 16. Bd6 Nd5 17. Bxe7 Qxe7 18. O-O N7f6 19. Nd6 Nf4 20. Bf3 N6d5 21. Qd2 Rad8 22. Bxd5 Nxd5 23. f4 Qh4 24. Qe2 b6 25. Rae1 bxc5 26. dxc5 Rb8 27. f5 exf5 28. Nxf5 Qd8 29. Qe5 Qf6 30. Qxf6 Nxf6 31. Ne7+ Kh8 32. Re2 Rb4 33. h3 Re8 34. Rfe1 Rxa4 35. Nxc6 Rxe2 36. Rxe2 Rc4 37. b4 h6 38. Nxa7 Rxb4 39. c6 Rc4 40. Re7 Nd5 41. Rxf7 Kg8 42. Rd7 Nb6 43. Rb7 Nd5 44. Kf2 Kh7 45. Kf3 Rc3+ 46. Kg2 Nf4+ 47. Kf1 1-0


[Site "https://www.chess.com"]

[Event "Titled Tuesday Blitz February 14 Late 2023"]
[White "Martynov, Pavel"]
[Black "Prieto Aranguren, Alain"]
[WhiteFideId "4101260"]
[BlackFideId "2268906"]
[WhiteElo "2414"]
[BlackElo "2258"]
[Result "1-0"]
[Round "02"]
[TimeControl "180+2"]
[Date "2023.02.14"]
[WhiteClock "0:02:45"]
[BlackClock "0:02:27"]

1. e4 a6 2. d4 c6 3. Nc3 d5 4. g3 dxe4 5. Nxe4 Nf6 6. Bg2 Qa5+ 7. c3 Nxe4 8. Bxe4 Nd7 9. Ne2 Nf6 10. Bg2 Bg4 11. O-O Qh5 12. f3 Bh3 13. Nf4 1-0


[Site "https://www.chess.com"]

[Event "Titled Tuesday Blitz February 14 Late 2023"]
[White "Hoffmann, Asa"]
[Black "Cori T., Deysi"]
[WhiteFideId "2001470"]
[BlackFideId "3801934"]
[WhiteElo "2185"]
[BlackElo "2362"]
[Result "1/2-1/2"]
[Round "02"]
[TimeControl "180+2"]
[Date "2023.02.14"]
[WhiteClock "0:00:07"]
[BlackClock "0:00:04"]

1. d4 Nf6 2. Bg5 c5 3. d5 Ne4 4. Bc1 e6 5. Nf3 b5 6. e3 Bb7 7. dxe6 fxe6 8. c3 c4 9. a4 a6 10. Na3 Bxa3 11. Rxa3 O-O 12. Be2 Ng5 13. axb5 axb5 14. Rxa8 Bxa8 15. Qd6 Qf6 16. Qd4 Bxf3 17. Qxf6 Rxf6 18. gxf3 Nxf3+ 19. Bxf3 Rxf3 20. Ke2 Rh3 21. e4 e5 22. Be3 Kf7 23. Rd1 Ke6 24. Rd5 Nc6 25. Rxb5 Rxh2 26. Rc5 Rh1 27. Rxc4 Rb1 28. b4 h5 29. Kf3 g6 30. Rc5 Rb3 31. b5 Na5 32. b6 Nc6 33. Rc4 Kd6 34. Bc5+ Ke6 35. Be3 Ke7 36. Kg3 Kd8 37. Kh4 Kc8 38. Kg5 Kb7 39. Rc5 Rb4 40. Rd5 Rxe4 41. Rxd7+ Kb8 42. Kxg6 h4 43. Kf5 Rc4 44. Rh7 Rxc3 45. Rxh4 Nd4+ 46. Bxd4 exd4 47. f4 Re3 48. Rh8+ Kb7 49. Rd8 d3 50. Kf6 Kxb6 51. f5 Kc5 52. Kf7 Kc4 53. f6 Kc3 54. Kf8 d2 55. Rxd2 Kxd2 56. f7 Rf3 57. Kg7 Rxf7+ 58. Kxf7 1/2-1/2


[Site "https://www.chess.com"]

[Event "Titled Tuesday Blitz February 14 Late 2023"]
[White "gshwbedhkhd"]
[Black "Li, Hui"]
[BlackFideId "15400310"]
[WhiteElo "2554"]
[BlackElo "1963"]
[Result "1/2-1/2"]
[Round "02"]
[TimeControl "180+2"]
[Date "2023.02.14"]
[WhiteClock "0:01:05"]
[BlackClock "0:00:10"]

1. b4 e6 2. Bb2 Nf6 3. a3 d5 4. Nf3 c5 5. bxc5 Bxc5 6. e3 O-O 7. Be2 Nc6 8. O-O b6 9. c4 Bb7 10. Nc3 dxc4 11. Bxc4 a6 12. Qe2 b5 13. Bb3 Na5 14. Bc2 Nc4 15. Bc1 Rc8 16. a4 Bc6 17. axb5 axb5 18. d3 Nb6 19. d4 Bd6 20. Bb2 b4 21. Nd1 Be4 22. Bxe4 Nxe4 23. Qd3 f5 24. Nd2 Qh4 25. h3 Nc3 26. Nxc3 bxc3 27. Bxc3 Nd5 28. Bb2 Rb8 29. Nf3 Qe7 30. Ba3 Bxa3 31. Qxa3 Qxa3 32. Rxa3 f4 33. e4 Nf6 34. Re1 Rfd8 35. Ra6 Re8 36. Ng5 e5 37. d5 h6 38. Ne6 Ra8 39. Rxa8 Rxa8 40. f3 Ne8 41. Rb1 Nd6 42. Rb6 Nc4 43. Rb7 g5 44. Rg7+ Kh8 45. Rc7 Ra1+ 46. Kf2 Ne3 47. d6 Ra2+ 48. Ke1 Ra1+ 49. Kd2 Rd1+ 50. Ke2 Rxd6 51. Nf8 Ra6 52. Kd3 Ra3+ 53. Kd2 Ra2+ 54. Kd3 Ra3+ 55. Ke2 Ra2+ 56. Ke1 Ra1+ 57. Kf2 Ra2+ 58. Kg1 Ra1+ 59. Kf2 Ra2+ 60. Ke1 Ra1+ 61. Ke2 Ra2+ 62. Kd3 Ra3+ 1/2-1/2


[Site "https://www.chess.com"]

[Event "Titled Tuesday Blitz February 14 Late 2023"]
[White "Golubev, Mikhail"]
[Black "Fan_Of_Chucky"]
[WhiteFideId "14100983"]
[WhiteElo "2461"]
[BlackElo "2398"]
[Result "0-1"]
[Round "02"]
[TimeControl "180+2"]
[Date "2023.02.14"]
[WhiteClock "0:00:03"]
[BlackClock "0:00:54"]

1. e4 c5 2. Nf3 a6 3. Nc3 b5 4. d4 e6 5. d5 d6 6. dxe6 fxe6 7. a4 b4 8. Ne2 Nc6 9. Ng3 Nf6 10. e5 Nxe5 11. Nxe5 dxe5 12. Qxd8+ Kxd8 13. Bc4 Kc7 14. Be3 Bb7 15. Bxe6 Bxg2 16. Rg1 Bb7 17. O-O-O g6 18. Bg5 Bg7 19. f4 exf4 20. Bxf4+ Kb6 21. Rd6+ Bc6 22. Rgd1 Bf8 23. Be5 Bxd6 24. Rxd6 Rhd8 25. Rxd8 Rxd8 26. Bxf6 Rd6 0-1


[Site "https://www.chess.com"]

[Event "Titled Tuesday Blitz February 14 Late 2023"]
[White "Yedidia, Daniel"]
[Black "Kostiukov, Alexandr"]
[WhiteFideId "30905907"]
[BlackFideId "14108100"]
[WhiteElo "2041"]
[BlackElo "2271"]
[Result "1/2-1/2"]
[Round "02"]
[TimeControl "180+2"]
[Date "2023.02.14"]
[WhiteClock "0:00:11"]
[BlackClock "0:00:09"]

1. d4 g6 2. c4 Bg7 3. Nf3 d6 4. Nc3 e5 5. dxe5 dxe5 6. Qxd8+ Kxd8 7. Bg5+ f6 8. Bd2 Be6 9. e3 Nd7 10. Be2 c6 11. O-O Nh6 12. Rfd1 Nf7 13. b4 a5 14. a3 axb4 15. axb4 Kc7 16. c5 b6 17. cxb6+ Nxb6 18. Ne4 Bd5 19. Nc5 Nd6 20. Bc3 Nb5 21. Bxb5 cxb5 22. e4 Bc4 23. Bd2 Rxa1 24. Rxa1 Ra8 25. Rxa8 Nxa8 26. g4 g5 27. h4 h6 28. Be3 Nb6 29. Nd2 Bf7 30. Ndb3 Bf8 31. Na5 Na4 32. Nd3 gxh4 33. Kg2 h5 34. Kh3 hxg4+ 35. Kxg4 Bc4 36. Nc5 Nxc5 37. bxc5 Be6+ 38. Kxh4 b4 39. f4 b3 40. Bc1 exf4 41. Bxf4+ Kc8 42. Nxb3 Bxb3 43. e5 f5 44. Kg5 Be6 45. Kf6 Bd5 46. Kxf5 Kd7 47. Kf6 Be7+ 48. Kf5 Be6+ 49. Ke4 Bxc5 50. Be3 Be7 51. Bd4 Kc6 52. Be3 Bh3 53. Bd4 Bg2+ 54. Kf5 Kd5 55. Bb2 Be4+ 56. Kf4 Bf8 57. e6 Bd6+ 58. Ke3 Bg6 59. Kd2 Kxe6 60. Kc3 Be5+ 61. Kb3 Bd6 62. Bc3 Kd5 63. Bg7 Bd3 64. Bf6 Bf5 65. Bg7 Ke4 66. Bh8 Bc5 67. Kc3 Be3 68. Bg7 Be6 69. Bh8 Bc5 70. Bg7 Bf2 71. Bh8 Be1+ 72. Kc2 Bc4 73. Kb2 Kd3 74. Be5 Bb4 75. Bh8 Bc5 76. Ka1 Kc2 77. Bg7 Ba3 78. Bh8 Bc1 79. Bg7 Bb3 80. Bh8 Bd2 81. Bg7 Bc3+ 82. Bxc3 1/2-1/2


[Site "https://www.chess.com"]

[Event "Titled Tuesday Blitz February 14 Late 2023"]
[White "Ezat, Mohamed"]
[Black "Toktomushev, Teimur"]
[WhiteFideId "10600906"]
[BlackFideId "14176726"]
[WhiteElo "2402"]
[BlackElo "2239"]
[Result "1-0"]
[Round "02"]
[TimeControl "180+2"]
[Date "2023.02.14"]
[WhiteClock "0:01:42"]
[BlackClock "0:00:07"]

1. e4 c5 2. d4 cxd4 3. c3 dxc3 4. Nxc3 e6 5. Nf3 Nc6 6. Bc4 Bb4 7. O-O Nge7 8. Qe2 O-O 9. Rd1 Bxc3 10. bxc3 d5 11. Bg5 Qc7 12. Bb3 b6 13. Rac1 Bb7 14. exd5 Nxd5 15. Bxd5 exd5 16. Rxd5 f6 17. Qe6+ Kh8 18. Rd7 Qc8 19. Rcd1 fxg5 20. Nxg5 Qe8 21. Qxe8 Rfxe8 22. Rxb7 Rad8 23. Nf7+ Kg8 24. Nxd8 Nxd8 25. Rb8 1-0


[Site "https://www.chess.com"]

[Event "Titled Tuesday Blitz February 14 Late 2023"]
[White "Karas, Marek"]
[Black "Skaric, Djuro"]
[WhiteFideId "14928558"]
[BlackFideId "934569"]
[WhiteElo "2227"]
[BlackElo "2334"]
[Result "1-0"]
[Round "02"]
[TimeControl "180+2"]
[Date "2023.02.14"]
[WhiteClock "0:01:48"]
[BlackClock "0:01:52"]

1. d4 d6 2. Nf3 g6 3. c4 Bg7 4. Nc3 Nf6 5. e4 O-O 6. Be2 Nc6 7. Be3 e5 8. d5 Ne7 9. Nd2 h6 10. b4 Ne8 11. c5 f5 12. f3 f4 13. Bf2 g5 14. Nc4 Rf7 15. cxd6 cxd6 16. Nb5 b6 17. a4 Bf8 18. Rc1 Ng6 19. O-O h5 20. a5 bxa5 21. Nxa5 Nh8 22. Nc6 Qf6 23. Nbxa7 Bb7 24. Na5 Rg7 25. Nxb7 Rxb7 26. Nc6 Rg7 27. Kh1 Nf7 28. b5 Nh6 29. b6 g4 30. Bg1 g3 31. h3 Rb7 32. Ra1 Rc8 33. Ra7 Qf7 34. Ba6 Rxa7 35. Bxc8 Ra2 36. Be6 1-0


[Site "https://www.chess.com"]

[Event "Titled Tuesday Blitz February 14 Late 2023"]
[White "Szente Varga, Fruzsina"]
[Black "Prem, Pranav"]
[WhiteFideId "712264"]
[BlackFideId "30901057"]
[WhiteElo "2075"]
[BlackElo "2061"]
[Result "0-1"]
[Round "02"]
[TimeControl "180+2"]
[Date "2023.02.14"]
[WhiteClock "0:00:01"]
[BlackClock "0:00:10"]

1. e4 c5 2. Nf3 d6 3. d4 cxd4 4. Qxd4 Nc6 5. Bb5 Bd7 6. Qd3 Nf6 7. c4 h6 8. Nc3 e5 9. O-O Be7 10. Rd1 O-O 11. b3 a6 12. Bxc6 Bxc6 13. Ba3 Qa5 14. Bb2 Rfd8 15. a4 Rac8 16. Ba3 Qb6 17. b4 Be8 18. Rac1 Qc7 19. Nd2 Bd7 20. b5 Qb6 21. Bb4 Be6 22. a5 Qc7 23. Nd5 Bxd5 24. exd5 axb5 25. cxb5 Qxc1 26. Rxc1 Rxc1+ 27. Nf1 Ra8 28. g3 Bd8 29. Qd2 Ra1 30. Bxd6 Bxa5 31. Qb2 Bb6 32. Bxe5 R1a2 33. Qb4 Rxf2 34. Bd4 Bxd4 35. Qxd4 Raa2 36. d6 Nd7 0-1


[Site "https://www.chess.com"]

[Event "Titled Tuesday Blitz February 14 Late 2023"]
[White "Sonnenschein, Philipp"]
[Black "Fernandez Siles, Luis"]
[WhiteFideId "16250877"]
[BlackFideId "2209420"]
[WhiteElo "2224"]
[BlackElo "2218"]
[Result "0-1"]
[Round "02"]
[TimeControl "180+2"]
[Date "2023.02.14"]
[WhiteClock "0:00:20"]
[BlackClock "0:00:36"]

1. e4 c5 2. Nf3 Nc6 3. Bb5 g6 4. O-O Bg7 5. c3 Nf6 6. Re1 O-O 7. d4 d5 8. e5 Ne4 9. Bxc6 bxc6 10. Be3 Qb6 11. Qc1 c4 12. Nbd2 Nxd2 13. Nxd2 Bf5 14. b3 Bd3 15. Qa3 e6 16. bxc4 dxc4 17. d5 Qb5 18. dxe6 fxe6 19. Nf3 Rxf3 20. gxf3 Qd5 21. Qe7 Qxf3 22. Qxe6+ Kh8 23. Bg5 Bf5 24. Re3 Qg4+ 25. Rg3 Bxe6 26. Rxg4 Bxg4 27. Bf4 Be6 28. Rb1 Rf8 29. Bg3 Rd8 30. Rb7 h5 31. Kf1 Bg4 32. Kg2 Bf5 33. Rxa7 Re8 34. Rc7 Bxe5 35. Bxe5+ Rxe5 36. Kg3 Be4 37. a4 Ra5 38. Re7 Bd5 39. Kf4 Kg8 40. Kg5 Bf7+ 41. Kh6 Kf8 42. Rc7 Rxa4 43. Rxc6 Ra2 44. f4 Rxh2 45. Kg5 Re2 46. Kf6 Re6+ 47. Rxe6 Bxe6 48. Kxe6 h4 0-1


[Site "https://www.chess.com"]